 Dungeon Sprint DCSS version 0.27-a0-972-gd1521fd518 (webtiles) character file.

Game seed: 10060536039722136881

1120 Snicker the Covert (level 8, -11/64 HPs)
             Began as a Demonspawn Brigand on Apr 14, 2021.
             Was a Priest of Okawaru.
             Mangled by a death cob (24 damage)
             ... in the Dungeon (Sprint V: "Ziggurat Sprint").
             The game lasted 00:06:05 (413 turns).

Snicker the Covert (Demonspawn Brigand)              Turns: 413, Time: 00:06:06

Health: -11/64     AC: 19    Str: 25    XL:     8   Next: 12%
Magic:  15/15      EV:  5    Int: 10    God:    Okawaru [***...]
Gold:   0          SH:  4    Dex: 22    Spells: 7/7 levels left

rFire    + + .     SeeInvis +   G - +5 sword of Power {vorpal}
rCold    + . .     Faith    .   (shield currently unavailable)
rNeg     . . .     Spirit   .   K - +5 gold dragon scales
rPois    +         Reflect  .   Q - +0 helmet {SInv}
rElec    .         Harm     .   c - +0 cloak
rCorr    .         Rampage  .   (no gloves)
Will     .....     NoTele   +   (no boots)
Stlth    ..........             O - amulet "Kanwyfuj" {RegenMP rF+ Will- Int-3 Dex+7}
HPRegen  0.20/turn              C - +6 ring of strength
MPRegen  0.39/turn              D - +6 ring of strength

@: slowed, very slow
A: talons 1, condensation shield
a: Renounce Religion, Heroism


You were in the Dungeon.
You worshipped Okawaru.
Okawaru was most pleased with you.
You visited 1 branch

Inventory:

Hand Weapons
 a - a +2 dagger
 E - the +6 Majin-Bo {vamp, MP+6 Int+6}
   (You found it in the Dungeon)

   It inflicts no extra harm, but heals its wielder when it wounds a living foe.
   It affects your intelligence (+6).
   It affects your magic capacity (+6).
 F - the +9 heavy crossbow "Sniper" {vorpal, Acc+∞ SInv}
   (You found it in the Dungeon)

   Any bolt fired from it inflicts extra damage.
   It lets you see invisible.
 G - the +5 sword of Power (weapon) {vorpal}
   (You found it in the Dungeon)

   It inflicts extra damage upon your enemies.
 H - the +7 Singing Sword {vorpal, sonic wave}
   (You found it in the Dungeon)

   It inflicts extra damage upon your enemies.
 I - the +11 plutonium sword {Contam Stlth-}
   (You found it in the Dungeon)

   It causes magical contamination when unequipped.
   It makes you less stealthy.
Missiles
 d - 8 poisoned darts (quivered)
 e - 2 curare-tipped darts
Armour
 b - a +0 robe
 c - a +0 cloak (worn)
 J - a +3 kite shield
 K - +5 gold dragon scales (worn)
 Q - a +0 helmet of see invisible (worn)
Jewellery
 x - a ring of flight
 y - a +6 ring of dexterity
 z - a +6 ring of dexterity
 A - a +6 ring of intelligence
 B - a +6 ring of intelligence
 C - a +6 ring of strength (left hand)
 D - a +6 ring of strength (right hand)
 L - a +4 ring of protection
 N - an amulet of the acrobat
 O - the amulet "Kanwyfuj" (around neck) {RegenMP rF+ Will- Int-3 Dex+7}
   (You found it in the Dungeon)

   [amulet of magic regeneration]

   It increases your rate of magic regeneration.
   It affects your intelligence (-3).
   It affects your dexterity (+7).
   It protects you from fire.
   It decreases your willpower.
 P - a ring of magical power
Wands
 u - a wand of mindburst (7)
 v - a wand of iceblast (7)
 w - a wand of acid (7)
Scrolls
 k - 4 scrolls of blinking
 l - 4 scrolls of amnesia
 m - 7 scrolls of fog
 n - 5 scrolls of identify
 o - 2 scrolls of fear
Potions
 f - 10 potions of curing
 g - 10 potions of heal wounds
 h - 6 potions of haste
 i - 7 potions of magic
 j - 3 potions of berserk rage
 p - 2 potions of brilliance
 q - 2 potions of invisibility
 r - 4 potions of resistance
 s - a potion of experience
 t - 5 potions of might
Miscellaneous
 M - a condenser vane


   Skills:
 + Level 5.8 Fighting
 + Level 4.0(7.2) Short Blades
 * Level 9.5(9.9) Long Blades
 + Level 3.2 Throwing
 + Level 1.5 Armour
 + Level 2.2 Dodging
 + Level 10.4 Stealth
 * Level 9.3 Invocations


You had 7 spell levels left.
You didn't know any spells.
Your spell library was empty.

Dungeon Overview and Level Annotations

Branches:
Dungeon (1/1)

Altars:
Ashenzari
Cheibriados
Dithmenos
Elyvilon
Fedhas
Gozag
Hepliaklqana
Kikubaaqudgha
Makhleb
Nemelex Xobeh
Okawaru
Qazlal
Ru
Sif Muna
Trog
Uskayaw
Vehumet
Wu Jian
Xom
Yredelemnul
Zin
The Shining One
Beogh
Jiyva
Lugonu

Annotations:
D 1 transporter


Innate Abilities, Weirdness & Mutations

You have sharp toenails.
A meltable shield of frost defends you. (SH +4)


Message History

You see here a +0 helmet of see invisible.
There is a transporter here.
You see here a +0 helmet of see invisible.
Q - a +0 helmet of see invisible You start putting on your armour.
You continue putting on your +0 helmet of see invisible. x4
You finish putting on your +0 helmet of see invisible.
You feel perceptive.
Unknown command.
There is a transporter here.
Okay, then.
Unknown command.
Unknown command.
There is a transporter here.
There is a transporter here.
Welcome to arena 5.
You enter the transporter and appear at another place. 4 draconians and a death cob come into view.
The draconian roars!
The death cob gives a chilling moan.
The draconian roars! x3
Found four items.
Found a transporter.
Unknown command.
The death cob closely misses you.
You riposte.
You slash the death cob!
You claw the death cob, but do no damage.
The death cob is lightly damaged.
The death cob hits you but does no damage.
The death cob hits you!! The death cob drains your vigour!
You feel yourself slow down.
Unknown command.
The death cob barely misses you. The death cob hits you!
* * * LOW HITPOINT WARNING * * *
The death cob hits you but does no damage.
The draconian hits you with a +0 flail.
* * * LOW HITPOINT WARNING * * *
Unknown command.
Unknown command.
You hit the draconian.
You claw the draconian, but do no damage.
The draconian is lightly wounded.
You block the death cob's attack. The death cob hits you!!
You die...

▓..©..▓..©..▓▓▓▓▓▓▓
▓▓▓▓▓▓▓▓▓▓▓▓▓▓▓▓▓▓▓
▓..8©8...▓..8©8...▓
▓........▓..|=|...▓
▓........▓..}.=...▓
▓........▓........▓
▓........▓.d......▓
▓.▓....▓.▓d▓....▓.▓
▓...©....▓@zdd....▓
▓▓▓▓▓▓▓▓▓▓▓▓▓▓▓▓▓▓▓


You could see a death cob and 4 draconians.

Vanquished Creatures
  An ugly thing (D)
  A meliai (shapeshifter) (D)
  A yak (D)
  A water moccasin (shapeshifter) (D)
  A crimson imp (D)
  A quasit (D)
  An iron imp (D)
  4 jellies (D)
  An iguana (D)
  A shadow imp (D)
13 creatures vanquished.

Notes
Turn   | Place    | Note
-------+----------+-------------------------------------------
     0 | D        | Snicker the Demonspawn Brigand began the quest for the Orb.
     0 | D        | Reached XP level 1. HP: 16/16 MP: 1/1
     2 | D        | Found a blossoming altar of Fedhas.
     3 | D        | Found the +6 Majin-Bo {vamp, MP+6 Int+6}
     3 | D        | Found the +9 heavy crossbow "Sniper" {vorpal, Acc+∞ SInv}
     3 | D        | Found the +10 dark maul {vorpal}
     3 | D        | Found the +15 Maxwell's patent armour {-Cast -Tele rElec
                  | Will+ rCorr}
     3 | D        | Found the +18 shield of the Gong {rElec rN+ Will+ EV-5}
     3 | D        | Found the +14 obsidian axe {vorpal, Drain Fly SInv}
     3 | D        | Found the +7 great mace "Firestarter" {inner flame, rF++}
     3 | D        | Found the +6 shillelagh "Devastator" {shatter}
     3 | D        | Found the +11 plutonium sword {Contam Stlth-}
     3 | D        | Found the +8 lance "Wyrmbane" {slay drac, rPois rF+ rC+
                  | AC+3}
     3 | D        | Found the +9 sword of Zonguldrok {reap}
     3 | D        | Found the +13 scythe of Curses {drain, Drain}
     3 | D        | Found the +5 sword of Power {vorpal}
     3 | D        | Found the +7 mace of Variability {chain chaos}
     3 | D        | Found the +7 Singing Sword {vorpal, sonic wave}
     3 | D        | Found the +8 storm bow {elec, penet}
     3 | D        | Found a viscous altar of Jiyva.
     3 | D        | Found a hazy altar of Hepliaklqana.
     3 | D        | Found a transporter.
     3 | D        | Found an opulent altar of Gozag.
     3 | D        | Found an ancient bone altar of Kikubaaqudgha.
     3 | D        | Found a corrupted altar of Lugonu.
    22 | D        | Found a shimmering blue altar of Sif Muna.
    22 | D        | Found a bloodstained altar of Trog.
    22 | D        | Found a sacrificial altar of Ru.
    22 | D        | Found a stormy altar of Qazlal.
    22 | D        | Found an iron altar of Okawaru.
    24 | D        | Found a sparkling altar of Nemelex Xobeh.
    25 | D        | Found a burning altar of Makhleb.
   125 | D        | Became a worshipper of Warmaster Okawaru
   152 | D        | Entered arena 2.
   152 | D        | Noticed a yak
   152 | D        | Noticed an iguana
   152 | D        | Found a transporter.
   155 | D        | Killed an iguana
   156 | D        | Reached skill level 1 in Long Blades
   156 | D        | Reached skill level 1 in Dodging
   156 | D        | Reached skill level 5 in Stealth
   156 | D        | Gained mutation: You have sharp toenails. [demonic
                  | ancestry]
   156 | D        | Reached XP level 2. HP: 19/23 MP: 2/4
   159 | D        | Killed a yak
   159 | D        | Reached * piety under Okawaru
   160 | D        | Reached skill level 7 in Stealth
   160 | D        | Reached skill level 5 in Invocations
   160 | D        | Reached XP level 3. HP: 15/30 MP: 2/7
   160 | D        | Reached XP level 4. HP: 19/37 MP: 2/8
   160 | D        | Gained mutation: A meltable shield of frost defends you.
                  | (SH +4) [demonic ancestry]
   160 | D        | Reached XP level 5. HP: 22/42 MP: 2/9
   326 | D        | Entered arena 3.
   326 | D        | Noticed a cyan ugly thing
   326 | D        | Noticed a basilisk
   326 | D        | Noticed a water moccasin
   326 | D        | Found a transporter.
   329 | D        | Noticed a blink frog
   329 | D        | a basilisk changed into a blink frog
   332 | D        | Noticed a meliai
   332 | D        | a blink frog changed into a meliai
   335 | D        | Killed a meliai
   336 | D        | Reached skill level 9 in Stealth
   336 | D        | Reached XP level 6. HP: 31/49 MP: 8/11
   336 | D        | Killed a water moccasin
   337 | D        | Reached skill level 1 in Armour
   338 | D        | Killed a cyan ugly thing
   338 | D        | Reached ** piety under Okawaru
   338 | D        | Reached *** piety under Okawaru
   339 | D        | Reached skill level 5 in Fighting
   339 | D        | Reached skill level 10 in Stealth
   339 | D        | Reached XP level 7. HP: 36/56 MP: 8/13
   353 | D        | Entered arena 4.
   353 | D        | Found a transporter.
   360 | D        | Reached XP level 8. HP: 44/64 MP: 11/14
   369 | D        | Entered arena 5.
   369 | D        | Found a transporter.
   383 | D        | Got the amulet "Kanwyfuj" {RegenMP rF+ Will- Int-3 Dex+7}
   409 | D        | Entered arena 6.
   409 | D        | Noticed a draconian
   409 | D        | Noticed a death cob
   409 | D        | Noticed a draconian
   409 | D        | Noticed a draconian
   409 | D        | Noticed a draconian
   409 | D        | Found a transporter.
   413 | D        | Mangled by a death cob

Illustrated notes

Levels and vault maps discovered:
D:        sprint_v [room_start, room_1, room_2, room_3, room_4, room_5, room_6,
          room_7, room_8, room_9, room_10, room_11, room_12, room_13, room_14,
          room_15, room_16, room_17, room_18, room_19, room_20, room_21,
          room_22, room_23, room_24, room_25, room_26, room_27]

Skill      XL: |  1  2  3  4  5  6  7  8 |
---------------+-------------------------+-----
Short Blades   | 2 3 4 |  4.0
Long Blades    | 1 4 6 8 9 |  9.5
Throwing       | 2 3 |  3.2
Dodging        | 1 2 |  2.2
Stealth        | 5 7 9 10 | 10.4
Invocations    | 2 5 7 9 |  9.3
Fighting       | 3 4 5 |  5.8
Armour         | 1 |  1.5

Action                   |  1- 3 |  4- 6 |  7- 9 || total
-------------------------+-------+-------+-------++-------
Melee: Great sword       |     6 |     9 |    11 ||    26
       Kick              |     1 |     5 |     4 ||    10
Invok: Heroism           |       |     1 |       ||     1
Armor: Gold dragon scale |     5 |    19 |    11 ||    35
Dodge: Dodged            |     1 |     7 |     5 ||    13
Block: Other             |       |     1 |     2 ||     3
       Rpst.: Great sword |     1 |     3 |     2 ||     6

Table legend: (Time is in decaauts)
 A = Elapsed time spent in this place.
 B = Non-inter-level travel time spent in this place.
 C = Inter-level travel time spent in this place.
 D = Time resting spent in this place.
 E = Time spent auto-exploring this place.
 F = Levels seen in this place.
 G = Mean time per level.
                   A        B        C        D        E       F      G
               +--------+--------+--------+--------+--------+-----+--------+
         Total |    415 |    415 |      0 |    139 |      0 |   1 |  415.0 |
       Dungeon |    415 |    415 |      0 |    139 |      0 |   1 |  415.0 |
               +--------+--------+--------+--------+--------+-----+--------+

Top non-repeatable levels by time:
       D: 415 daAuts
